 Dungeon Crawl Stone Soup version 0.20.1-1-g8b1a95d66d (webtiles) character file.

86 NixNut the Grave Robber (level 4, 0/30 HPs)
             Began as a Mummy Necromancer on Dec 28, 2017.
             Slain by a gnoll
             ... wielding a +0 halberd
              (7 damage)
             ... on level 2 of the Dungeon.
             The game lasted 00:08:45 (1718 turns).

NixNut the Grave Robber (Mummy Necromancer)         Turns: 1718, Time: 00:08:46

Health: 0/30       AC:  5    Str: 11    XL:     4   Next: 27%
Magic:  0/10       EV: 12    Int: 15    God:
Gold:   129        SH:  0    Dex: 12    Spells: 10/11 levels left

rFire    x . .     SeeInvis .   e - +0 dagger (speed)
rCold    + . .     Gourm    .   (no shield)
rNeg     + + +     Faith    .   h - +0 leather armour
rPois    ∞         Spirit   .   (no helmet)
rElec    .         Reflect  .   (no cloak)
rCorr    .         Harm     .   (no gloves)
MR       .....                  (no boots)
Stlth    +.........             (no amulet)
Regen    0.1/turn               i - +2 ring of protection
MPRegen  0.2/turn               (no ring)

@: very slightly contaminated
A: no food or potions, fire vulnerability, cold resistance 1, negative energy
resistance 3, torment resistance, unbreathing
a: no special abilities


You were on level 2 of the Dungeon.
You were not hungry.

You visited 1 branch of the dungeon, and saw 2 of its levels.

You collected 129 gold pieces.

Inventory:

Hand Weapons
 e - a +0 dagger of speed (weapon)
Armour
 a - a +0 robe
 h - a +0 leather armour (worn)
Jewellery
 i - a +2 ring of protection (left hand)
Scrolls
 c - 3 scrolls of identify {unknown}
 d - 2 scrolls of teleportation {unknown}
 f - a scroll of enchant armour {unknown}
 g - a scroll of magic mapping {unknown}
Books
 b - a book of Necromancy

   Spells                             Type                      Level
   a - Pain                           Necromancy                   1
   b - Animate Skeleton               Necromancy                   1
   c - Vampiric Draining              Necromancy                   3
   d - Regeneration                   Charms/Necromancy            3
   e - Animate Dead                   Necromancy                   4
   f - Control Undead                 Necromancy                   4


   Skills:
 + Level 2.6 Dodging
 - Level 1.5 Stealth
 + Level 4.0 Spellcasting
 + Level 4.5 Necromancy


You had 10 spell levels left.
You knew the following spells:

 Your Spells              Type           Power        Failure   Level  Hunger
a - Pain                  Necr           ###.         3%          1    N/A

Dungeon Overview and Level Annotations

Branches:
Dungeon (2/15)

Altars:
Ru


Innate Abilities, Weirdness & Mutations

You do not eat or drink.
Your flesh is vulnerable to fire.
You are immune to poison.
Your flesh is cold resistant. (rC+)
You are immune to negative energy. (rN+++)
You are immune to unholy pain and torment.
You can survive without breathing.


Message History

You hit the gnoll.
The gnoll is lightly wounded.
The gnoll closely misses you.
You hit the gnoll.
The gnoll is lightly wounded.
You hit the gnoll.
The gnoll is moderately wounded.
The gnoll closely misses you.
You hit the gnoll.
The gnoll is heavily wounded.
You barely miss the gnoll.
The gnoll is heavily wounded.
The gnoll hits you with a halberd!
* * * LOW HITPOINT WARNING * * *
Your leather armour prevents you from hitting the gnoll.
The gnoll is heavily wounded.
You hit the gnoll.
The gnoll is severely wounded.
The gnoll hits you with a halberd!
You die...

.## #.## ##.####.#.. ###
#........# #.#.# ...####..#
#..#.# ...####.. ##########
...##.####
.........##...##...##K..##....#
...####..#.#......#..#...#.##.#
...####.g#..#...@#....#..#.##)#
.........#...#..#g.....#.#.##.#
.#######.#....##..(...%.##.##.#
..# #....############.##.###
..# #..#.).# #..##...# ..#
#.#.#..###############.#
..##### #..#....#.....# #.#
......#####......#.....# #.#
.........##............# #.#


You could see a gnoll.

Vanquished Creatures
  2 gnolls (D:2)
  2 adders (D:2)
  2 oozes (D:2)
  A worm (D:2)
  A dart slug (D:2)
  A leopard gecko (D:1)
  5 bats (D:1)
  A giant cockroach (D:2)
  8 goblins
  2 hobgoblins
  A kobold (D:1)
  A ball python (D:2)
  3 frilled lizards
  7 rats
37 creatures vanquished.

Notes
Turn   | Place    | Note
-------+----------+-------------------------------------------
     0 | D:1      | NixNut the Mummy Necromancer began the quest for the Orb.
     0 | D:1      | Reached XP level 1. HP: 13/13 MP: 4/4
   221 | D:1      | Reached XP level 2. HP: 19/19 MP: 3/6
  1066 | D:2      | Reached XP level 3. HP: 18/24 MP: 1/8
  1383 | D:2      | Found a sacrificial altar of Ru.
  1684 | D:2      | Reached XP level 4. HP: 23/30 MP: 2/9
  1718 | D:2      | Slain by a gnoll

Skill      XL: |  1  2  3  4 |
---------------+-------------+-----
Spellcasting   | 3 4 |  4.0
Dodging        | 2 |  2.6
Stealth        | |  1.5
Necromancy     | |  4.5

Action                   |  1- 3 |  4- 6 || total
-------------------------+-------+-------++-------
Melee: Unarmed           |     1 |       ||     1
       Dagger            |     7 |    15 ||    22
 Cast: Pain              |    86 |     5 ||    91
Armor: Leather armour    |     1 |     1 ||     2
       Robe              |     1 |       ||     1
Dodge: Dodged            |    10 |    19 ||    29
